 Dungeon Crawl Stone Soup version 0.17-a0-1838-g891d947 (webtiles) character file.

21639 nubinia the Thaumaturge (level 12, -1/112 HPs)
             Began as a Purple Draconian Ice Elementalist on Sept 15, 2015.
             Was the Champion of Sif Muna.
             Killed by the air
             ... invoked by Nico3ck's ghost
              (22 damage)
             ... on level 4 of the Lair of Beasts.
             The game lasted 02:15:05 (19600 turns).

nubinia the Thaumaturge (DrIE)                     Turns: 19600, Time: 02:15:06

Health: -1/112     AC:  8    Str: 11    XL:     12   Next: 56%
Magic:  3/28       EV: 14    Int: 18    God:    Sif Muna [******]
Gold:   647        SH:  0    Dex: 18    Spells: 8 memorised, 11 levels left

rFire  x x .     SeeInvis .     (weapon currently unavailable)
rCold  + + +     Clarity  .     (armour unavailable)
rNeg   . . .     SustAt   .     (shield currently unavailable)
rPois  +         Gourm    .     (helmet currently unavailable)
rElec  .         Spirit   .     (cloak currently unavailable)
rCorr  +         Warding  .     (gloves currently unavailable)
rMut   .         Stasis   .     (boots currently unavailable)
MR     +....                    f - amulet of resist corrosion
Stlth  +++.......               U - +4 ring of dexterity
                                y - ring of ice

@: ice-form, somewhat resistant to hostile enchantments, fairly stealthy
A: (breathe power), unfitting armour, (cold-blooded), AC +8
a: End Transformation, Channel Energy, Forget Spell, Renounce Religion


You were on level 4 of the Lair of Beasts.
You worshipped Sif Muna.
Sif Muna was exalted by your worship.
You were not hungry.
You were a creature of crystalline ice.
You visited 3 branches of the dungeon, and saw 15 of its levels.
You also visited: Ossuary.

You collected 941 gold pieces.
You spent 294 gold pieces at shops.

Inventory:

Hand weapons
 a - the +6 scimitar of Foeric {slice, *Rage rElec Int+4 SInv}
   (You found it on level 8 of the Dungeon)

   It inflicts extra damage upon your enemies.
   It affects your intelligence (+4).
   It insulates you from electricity.
   It lets you see invisible.
   It may make you go berserk in combat.
 b - a +0 flail of protection (melded)
 P - a +1 dagger of venom
 Y - a +0 blowgun
 Z - the +5 great sword of Amortisation {holy, +Blink}
   (You found it on level 2 of the Lair of Beasts)

   It has been blessed by the Shining One to cause great damage to the undead
   and demons.
   It lets you blink.
Missiles
 o - 8 curare-tipped needles
 S - 34 poisoned needles
Armour
 e - a +1 pair of boots (melded)
 n - a +0 pair of gloves (melded)
 u - a +1 cloak (melded)
Rods
 K - a +0 rod of clouds (10/10)
   (You found it on level 7 of the Dungeon)
Jewellery
 f - an amulet of resist corrosion (around neck)
 i - an uncursed amulet of guardian spirit
 s - an uncursed ring of fire
 t - an uncursed ring of see invisible
 y - a ring of ice (left front paw)
 L - an uncursed ring of flight
 O - an uncursed ring of sustain attributes
 R - an uncursed ring of protection from magic
 U - a +4 ring of dexterity (right front paw)
 W - an uncursed ring of positive energy
Magical devices
 j - a wand of heal wounds (5)
 G - a wand of frost (25)
 Q - a wand of disintegration (11)
Scrolls
 q - 3 scrolls of remove curse
 x - 3 scrolls of teleportation
 z - a scroll of amnesia
 D - 2 scrolls of fog
 H - a scroll of identify
 J - 2 scrolls of magic mapping
 X - a scroll of blinking
Potions
 c - 4 potions of heal wounds
 d - a potion of invisibility
 g - 9 potions of curing
 l - 3 potions of might
 p - 4 potions of flight
 r - a potion of berserk rage
 v - a potion of brilliance
 A - a potion of agility
 C - a potion of magic
 E - a potion of cancellation
 F - a potion of resistance
 N - a potion of haste
Books
 m - Sif Muna's Incunabulum of Ice and Calling
   (Sif Muna gifted it to you on level 1 of the Lair of Beasts)

   Spells                             Type                      Level
   a - Summon Small Mammal            Summoning                    1
   b - Ozocubu's Armour               Charms/Ice                   3
   c - Summon Ice Beast               Ice/Summoning                4
   d - Shadow Creatures               Summoning                    5
   e - Freezing Cloud                 Conjuration/Ice/Air          6
Miscellaneous
 I - a stone of tremors
Comestibles
 h - 9 meat rations
 k - 3 fruits
 w - 7 bread rations
 B - a beef jerky
 M - 12 royal jellies
 T - a chunk of flesh


   Skills:
 + Level 5.1 Fighting
 - Level 0.2(1.1) Short Blades
 + Level 1.9 Long Blades
 + Level 0.5 Throwing
 + Level 6.9 Dodging
 + Level 3.5 Stealth
 - Level 0.2 Unarmed Combat
 * Level 12.2 Spellcasting
 * Level 7.5 Conjurations
 + Level 6.2 Charms
 * Level 5.2 Summonings
 * Level 10.5 Ice Magic
 + Level 3.6 Invocations


You had 11 spell levels left.
You knew the following spells:

 Your Spells              Type           Power        Failure   Level  Hunger
a - Freeze                Ice            ####         1%          1    None
b - Throw Frost           Conj/Ice       ######       1%          2    None
c - Condensation Shield   Ice            ######....   1%          4    ##.....
d - Throw Icicle          Conj/Ice       ######..     1%          4    ##.....
e - Summon Ice Beast      Ice/Summ       ######..     2%          4    ##.....
f - Ensorcelled Hibernat  Hex/Ice        #####.       1%          2    None
g - Ice Form              Ice/Trmt       #####...     10%         4    ##.....
o - Ozocubu's Armour      Chrm/Ice       ######..     1%          3    None


Dungeon Overview and Level Annotations

Branches:
Dungeon (10/15)            Temple (1/1) D:5            Lair (4/8) D:10
  Swamp: Lair:3-6    Shoals: Lair:3-6     Snake: Lair:3-6    Spider: Lair:3-6
    Orc: D:9-12

Altars:
Ashenzari
Cheibriados
Dithmenos
Elyvilon
Fedhas
Kikubaaqudgha
Makhleb
Okawaru
Qazlal
Sif Muna
Trog
Yredelemnul
The Shining One

Shops:
D:6 !

Annotations:
D:4 asdu's ghost, average VSBe
D:5 exclusion: ice beast
D:6 Menkaure
D:9 Maud
D:10 Maurice
Lair:4 Nico3ck's ghost, powerful NaWz


Innate Abilities, Weirdness & Mutations

((You can breathe bolts of dispelling energy.))
((Your rich purple scales are hard (AC +8).))
Your body does not fit into most forms of armour.
((You are cold-blooded and may be slowed by cold attacks.))


Message History

You feel a surge of power!
You freeze Nico3ck's ghost.
Nico3ck's ghost resists.
Nico3ck's ghost is heavily damaged.
Your ice beast hits Nico3ck's ghost but does no damage.
Nico3ck's ghost hits your ice beast but does no damage.
Your ice beast hits Nico3ck's ghost but does no damage. x2
Unknown command.
Unknown command.
Unknown command.
Unknown command.
Casting: Freeze
Confirm with . or Enter, or press ? or * to list all spells.
Aiming: Freeze
Press: ? - help, Shift-Dir - straight line, f/p - Nico3ck's ghost
Aim: Nico3ck's ghost, wielding a weapon of flaming (heavily damaged, repelling missiles)
You feel a surge of power!
You freeze Nico3ck's ghost.
Nico3ck's ghost resists.
Nico3ck's ghost is heavily damaged.
Your ice beast barely misses Nico3ck's ghost.
Nico3ck's ghost waves its arms in wide circles.
The air twists around and strikes you!
You die...

#.P##.##.............
...#.................P
#.#..................#
..#P.................#
....<................##
......................#
......................#
.................WY..#
..##............YYY..##
..##..................#
..##..................#
..##..................#
.....................##
....................P##
..............(......P#
.....................##
.....................#


You could see Nico3ck's ghost and 3 friendly ice beasts.

Vanquished Creatures
  A hydra (Lair:1)
  The ghost of PeterLawrence the Basher, an experienced MiFi of Okawaru (D:9)
  An unseen horror (D:10)
  4 hill giants (D:10)
  An oklob plant (D:10)
  2 spiny frogs
  3 trolls
  The ghost of asdu the Cleaver, an experienced VSBe of Trog (D:6)
  Prince Ribbit (D:6)
  9 blink frogs (Lair:1)
  A deep elf mage (D:10)
  25 yaks
  2 hippogriffs
  Grum (D:10)
  4 wolves
  4 orc warriors
  8 water moccasins
  11 porcupines
  2 black bears
  An ice beast (D:9)
  4 ogres
  2 centaurs
  3 sky beasts
  3 big kobolds
  A crocodile (Lair:1)
  10 giant frogs
  3 water moccasin zombies
  4 scorpions
  12 wights
  A quasit (D:10)
  11 killer bees
  4 jellies
  3 crimson imps
  A centaur zombie (D:7)
  4 orc wizards
  4 orc priests
  Crazy Yiuf (D:4)
  2 giant frog skeletons
  A gnoll shaman (D:7)
  6 hounds
  6 iguanas
  Terence (D:3)
  Natasha (thrice) (D:2)
  5 worker ants
  15 sheep
  2 big kobold zombies (Ossuary)
  4 hound zombies
  2 mummies (Ossuary)
  Robin (D:2)
  7 gnolls
  9 adders
  18 river rats
  2 shadow imps
  7 oozes
  7 adder zombies
  4 worms
  An adder skeleton (D:8)
  7 giant geckos
  28 orcs
  A ball python (D:2)
  6 bats
  4 giant cockroaches
  2 gnoll zombies (Ossuary)
  17 goblins
  11 hobgoblins
  8 quokkas
  2 giant gecko skeletons
  A giant gecko zombie (D:5)
  12 giant newts
  3 hobgoblin zombies (Ossuary)
  12 jackals
  2 jackal skeletons (D:6)
  18 kobolds
  10 kobold zombies (Ossuary)
  4 orc zombies (Ossuary)
  A quokka skeleton (D:6)
  12 rats
  2 fungi (D:3)
  A plant (D:10)
421 creatures vanquished.

Vanquished Creatures (collateral kills)
  A hydra (Lair:3)
  2 black mambas
  A komodo dragon (Lair:4)
  7 yaks
  A basilisk (Lair:2)
  5 wolves (Lair:3)
  A water moccasin (Lair:4)
  A black bear (Lair:4)
  A crocodile (Lair:4)
  2 giant frogs
  2 iguanas
  3 sheep (Lair:4)
  A river rat (Lair:2)
28 creatures vanquished.

Vanquished Creatures (others)
  A quokka (D:8)
  A hobgoblin zombie (Ossuary)
  A kobold zombie (Ossuary)
  7 fungi
  2 plants (Lair:1)
12 creatures vanquished.

Grand Total: 461 creatures vanquished

Notes
Turn   | Place    | Note
--------------------------------------------------------------
     0 | D:1      | nubinia the Draconian Ice Elementalist began the quest for the Orb.
     0 | D:1      | Reached XP level 1. HP: 14/14 MP: 3/3
   292 | D:1      | Reached XP level 2. HP: 20/20 MP: 0/5
   348 | D:1      | Learned a level 2 spell: Throw Frost
  1416 | D:1      | Reached XP level 3. HP: 26/26 MP: 6/6
  1449 | D:1      | Learned a level 3 spell: Ozocubu's Armour
  1566 | D:2      | Noticed Robin
  1669 | D:2      | Noticed Natasha
  1683 | D:2      | Killed Natasha
  1960 | D:2      | Reached XP level 4. HP: 29/33 MP: 1/8
  2112 | D:2      | Killed Robin
  2375 | D:2      | Noticed Natasha
  2380 | D:2      | Killed Natasha
  2401 | D:2      | Noticed Natasha
  2407 | D:2      | Killed Natasha
  3111 | D:3      | Noticed Terence
  3123 | D:3      | Killed Terence
  3123 | D:3      | Reached skill level 1 in Fighting
  3123 | D:3      | Reached skill level 4 in Ice Magic
  3123 | D:3      | Reached XP level 5. HP: 38/40 MP: 1/10
  4057 | D:4      | Noticed a phantom
  4142 | D:4      | Noticed asdu's ghost (average VSBe)
  4252 | D:4      | Noticed Crazy Yiuf
  4260 | D:4      | Killed Crazy Yiuf
  4260 | D:4      | Reached XP level 6. HP: 38/48 MP: 7/11
  4600 | D:4      | Noticed an ogre
  4738 | D:5      | Entered Level 5 of the Dungeon
  4781 | D:5      | Reached skill level 1 in Charms
  4851 | D:5      | Found a snail-covered altar of Cheibriados.
  4854 | D:5      | Found a glowing golden altar of the Shining One.
  4854 | D:5      | Found a shattered altar of Ashenzari.
  4857 | D:5      | Found a burning altar of Makhleb.
  4886 | D:5      | Found a staircase to the Ecumenical Temple.
  4893 | Temple   | Entered the Ecumenical Temple
  4922 | Temple   | Became a worshipper of Sif Muna the Loreminder
  5193 | D:5      | Your scales start taking on a rich purple colour.
  5193 | D:5      | Reached XP level 7. HP: 40/56 MP: 14/14
  5395 | D:4      | Killed an ogre
  5395 | D:4      | Reached skill level 5 in Spellcasting
  5404 | D:4      | Found a basalt altar of Yredelemnul.
  5995 | D:5      | Acquired Sif Muna's first power
  5995 | D:5      | Reached skill level 5 in Ice Magic
  6208 | D:6      | Noticed Prince Ribbit
  6265 | D:6      | Found Jautite's Distillery.
  6270 | D:6      | Bought a potion of flight for 42 gold pieces
  6270 | D:6      | Bought 2 potions of heal wounds for 140 gold pieces
  6270 | D:6      | Bought a potion of might for 56 gold pieces
  6270 | D:6      | Bought a potion of agility for 56 gold pieces
  6288 | D:6      | Found a sand-covered staircase.
  6296 | Ossuary  | Entered an ossuary
  7217 | D:6      | Reached XP level 8. HP: 47/63 MP: 16/16
  7258 | D:6      | Noticed a troll
  7310 | D:6      | Killed a troll
  7310 | D:6      | Reached skill level 6 in Spellcasting
  7499 | D:6      | Found a stormy altar of Qazlal.
  7676 | D:6      | Found a blossoming altar of Fedhas.
  7684 | D:6      | Noticed Menkaure
  7722 | D:6      | Killed Prince Ribbit
  7722 | D:6      | Acquired Sif Muna's second power
  8122 | D:6      | Noticed asdu's ghost (experienced VSBe)
  8214 | D:7      | Found a shadowy altar of Dithmenos.
  8304 | D:7      | Reached skill level 7 in Spellcasting
  8556 | D:7      | Reached XP level 9. HP: 55/71 MP: 11/20
  8937 | D:7      | Identified a +0 rod of clouds (10/10) (You found it on level 7 of the Dungeon)
  9279 | D:6      | Killed asdu's ghost
  9279 | D:6      | Reached skill level 5 in Dodging
  9936 | D:8      | Got a twisted scimitar
  9937 | D:8      | Identified the +6 scimitar of Foeric {slice, *Rage rElec Int+4 SInv} (You found it on level 8 of the Dungeon)
  9947 | D:8      | Reached skill level 8 in Spellcasting
 10208 | D:8      | Found a white marble altar of Elyvilon.
 10916 | D:8      | Learned a level 4 spell: Condensation Shield
 10921 | D:8      | Learned a level 4 spell: Throw Icicle
 10926 | D:8      | Learned a level 4 spell: Summon Ice Beast
 10940 | D:8      | Acquired Sif Muna's third power
 11280 | D:8      | Reached XP level 10. HP: 75/80 MP: 7/22
 11511 | D:9      | Noticed PeterLawrence's ghost (experienced MiFi)
 11523 | D:8      | Reached skill level 9 in Spellcasting
 11683 | D:9      | Reached skill level 1 in Summonings
 11913 | D:9      | Killed PeterLawrence's ghost
 11913 | D:9      | Reached skill level 5 in Conjurations
 11913 | D:9      | Reached skill level 5 in Charms
 13045 | D:10     | Entered Level 10 of the Dungeon
 13077 | D:10     | Noticed Grum
 13090 | D:10     | Killed Grum
 13115 | D:10     | Reached skill level 10 in Spellcasting
 13142 | D:10     | Noticed a hill giant
 13278 | D:10     | Killed a hill giant
 13374 | D:10     | Noticed a hill giant
 13388 | D:10     | Killed a hill giant
 13388 | D:10     | Reached skill level 1 in Invocations
 13388 | D:10     | Reached XP level 11. HP: 85/85 MP: 9/25
 13467 | D:10     | Noticed an unseen horror
 13475 | D:10     | Killed an unseen horror
 13545 | D:10     | Found a staircase to the Lair.
 13545 | D:10     | Noticed an oklob plant
 13584 | D:10     | Received a gift from Sif Muna
 13606 | D:10     | Identified Sif Muna's Papyrus of Harmful Cold (Sif Muna gifted it to you on level 10 of the Dungeon)
 13608 | D:10     | Noticed a hill giant
 13643 | D:9      | Learned a level 2 spell: Ensorcelled Hibernation
 13648 | D:9      | Learned a level 4 spell: Ice Form
 13877 | D:10     | Noticed Maud
 14230 | D:10     | Killed a hill giant
 14482 | D:10     | Noticed Maurice
 14482 | D:10     | Noticed a hill giant
 14513 | D:10     | Killed a hill giant
 14738 | D:10     | Killed an oklob plant
 14889 | Lair:1   | Entered Level 1 of the Lair of Beasts
 15392 | Lair:1   | Reached skill level 11 in Spellcasting
 15608 | Lair:1   | Reached skill level 1 in Long Blades
 15957 | Lair:1   | Reached XP level 12. HP: 76/93 MP: 20/27
 16165 | Lair:1   | Noticed a five-headed hydra
 16172 | Lair:1   | Killed a five-headed hydra
 16273 | Lair:1   | Reached skill level 10 in Ice Magic
 16575 | Lair:1   | Reached skill level 5 in Fighting
 16598 | Lair:1   | Received a gift from Sif Muna
 16599 | Lair:1   | Identified Sif Muna's Incunabulum of Ice and Calling (Sif Muna gifted it to you on level 1 of the Lair of Beasts)
 17762 | Lair:2   | Reached skill level 5 in Summonings
 17889 | Lair:2   | Reached skill level 12 in Spellcasting
 18005 | Lair:2   | Got a transparent great sword
 18006 | Lair:2   | Identified the +5 great sword of Amortisation {holy, +Blink} (You found it on level 2 of the Lair of Beasts)
 18610 | Lair:3   | Noticed a seven-headed hydra
 18619 | Lair:3   | Killed a seven-headed hydra
 19578 | Lair:4   | Noticed Nico3ck's ghost (powerful NaWz)
 19600 | Lair:4   | Killed from afar by Nico3ck's ghost

Vault maps used:
D:1:      onia_arrival_mini_maze_b
D:2:      minmay_lizard_king, uniq_natasha, uniq_robin
D:3:      first_bread, minmay_gold_behind_fungi, uniq_terence
D:4:      yredelemnul_altar_generic, uniq_crazy_yiuf_cottage
D:5:      grunt_temple_overflow_open, minmay_temple_entry_purple_smoke
D:6:      kennysheep_mini_moat, serial_shops, nicolae_shop_trees,
          lightli_ossuary_entry_decrepit_ruins, fedhas_altar_1,
          uniq_prince_ribbit1, uniq_menkaure
D:7:      nicolae_dithmenos_the_darkroom
D:8:      elyvilon_altar_4, serial_corexii_hall, corexii_hall_statues_l,
          corexii_hall_statues_l, hangedman_little_slice_of_home,
          grunt_decor_cap
D:10:     dpeg_oklobed_lair, uniq_maud, uniq_maurice, uniq_grum
Temple:   oiseaux_autumnal_temple_12
Lair:1:   beast_lair_carwin_1, grunt_megastairs_3
Lair:2:   beast_lair_carwin_7, serial_bayou_shore_b
Lair:4:   st_stairs_7
Ossuary:  ossuary_tomb_2

Action                   |  1- 3 |  4- 6 |  7- 9 | 10-12 || total
-------------------------+-------+-------+-------+-------++-------
Melee: Unarmed           |    37 |     6 |       |     2 ||    45
       Dagger            |       |   199 |   124 |       ||   323
       Flail             |       |    23 |   318 |   433 ||   774
       Scimitar          |       |       |    50 |   177 ||   227
       Great sword       |       |       |       |     2 ||     2
 Fire: Blowgun           |       |       |       |     7 ||     7
 Cast: Freeze            |    59 |    50 |    92 |   356 ||   557
       Ozocubu's Armour  |     2 |     8 |    36 |    59 ||   105
       Throw Frost       |       |     1 |     7 |    42 ||    50
       Throw Icicle      |       |       |     4 |    13 ||    17
       Condensation Shie |       |       |       |    56 ||    56
       Summon Ice Beast  |       |       |       |    40 ||    40
       Ice Form          |       |       |       |     1 ||     1
Invok: Channel Energy    |       |       |       |   136 ||   136
  Use: Scroll            |     5 |     5 |     7 |     6 ||    23
       Potion            |       |     1 |     2 |     1 ||     4
 Stab: Sleeping          |     2 |     5 |    10 |    10 ||    27
       Distracted        |       |       |       |     3 ||     3
  Eat: Chunk             |     4 |    11 |    18 |    52 ||    85
       Pizza             |       |       |     3 |       ||     3
       Fruit             |       |       |     1 |     4 ||     5
